 Dungeon Crawl Stone Soup version 0.21-a0-331-gfb491b4 (webtiles) character file.

107812 Kriby the Fighter (level 16, -2/134 HPs)
             Began as a Gnoll Wanderer on Oct 2, 2017.
             Was the Champion of Ashenzari.
             Slain by a redback (6 damage)
             ... on level 3 of the Spider Nest.
             The game lasted 01:02:16 (27383 turns).

Kriby the Fighter (Gnoll Wanderer)                 Turns: 27383, Time: 01:02:17

Health: -2/134     AC: 47    Str: 17    XL:     16   Next: 47%
Magic:  30/30      EV:  5    Int: 15    God:    Ashenzari [******]
Gold:   178        SH: 18    Dex: 16    Spells: 31/36 levels left

rFire    + + .     SeeInvis +   t - +11 whip "Olus" {freeze, MR- Dex+3 Stlth+} (curse)
rCold    . . .     Gourm    .   q - +0 large shield (curse)
rNeg     . . .     Faith    .   p - +9 crystal plate armour of the Vaults {+Fly rCorr Int-2} (curse)
rPois    +         Spirit   .   X - +2 hat {MR+} (curse)
rElec    .         Reflect  .   L - +2 cloak "Towkemum" {rPois} (curse)
rCorr    +         Harm     .   w - +1 pair of gloves (curse)
MR       ++...     Clarity  +   T - +0 pair of boots {Stlth+} (curse)
Stlth    ..........             R - amulet "Xoanathr Umor" {rF+ rC+ Regen+ Dex-4} (curse)
HPRegen  0.72/turn              D - ring of stealth
MPRegen  0.22/turn              P - ring of fire (curse)

@: drained
A: distributed training, fangs 1, molten scales 1, rugged brown scales 1, magic
resistance 1, strong nose
a: Curse Item, Scrying, Renounce Religion, Evoke Flight


You were on level 3 of the Spider Nest.
You worshipped Ashenzari.
Ashenzari was exalted by your worship.
You were not hungry.

You visited 5 branches of the dungeon, and saw 23 of its levels.
You also visited: Sewer and Volcano.

You collected 2318 gold pieces.
You spent 2140 gold pieces at shops.

Inventory:

Hand Weapons
 c - a +0 glaive of flaming
 t - the cursed +11 whip "Olus" (weapon) {freeze, MR- Dex+3 Stlth+}
   (You found it in a sewer)

   It has been specially enchanted to freeze those struck by it, causing extra
   injury to most foes and up to half again as much damage against particularly
   susceptible opponents.
   It can also slow down cold-blooded creatures.
   It affects your dexterity (+3).
   It affects your resistance to hostile enchantments.
   It makes you more stealthy.
   It has a curse placed upon it.
 U - a +1 broad axe of venom
Missiles
 E - 4 javelins of returning (quivered)
Armour
 a - a +0 plate armour
 p - the cursed +9 crystal plate armour of the Vaults (worn) {+Fly rCorr Int-2}
   (You bought it in a shop on level 8 of the Dungeon)

   It affects your intelligence (-2).
   It lets you fly.
   It protects you from acid and corrosion.
   It has a curse placed upon it.
 q - a cursed +0 large shield (worn)
 w - a cursed +1 pair of gloves (worn)
 L - the cursed +2 cloak "Towkemum" (worn) {rPois}
   (You bought it in a shop on level 8 of the Dungeon)

   It protects you from poison.
   It has a curse placed upon it.
 M - a +2 chain mail of fire resistance
 S - a +0 chain mail
 T - a cursed +0 pair of boots of stealth (worn)
 V - a scarf of repulsion
 X - a cursed +2 hat of magic resistance (worn)
 Y - a +0 cloak of fire resistance
Jewellery
 D - a ring of stealth (left hand)
 P - a cursed ring of fire (right hand)
 R - the cursed amulet "Xoanathr Umor" (around neck) {rF+ rC+ Regen+ Dex-4}
   (You found it on level 9 of the Dungeon)

   [amulet of regeneration]

   It affects your dexterity (-4).
   It protects you from fire.
   It protects you from cold.
   It increases your rate of regeneration.
   It has a curse placed upon it.
Wands
 k - a wand of digging (8/24)
 H - a wand of disintegration (5/24)
 Q - a wand of digging (6/24)
 W - a wand of disintegration (11/24)
 Z - a wand of paralysis (13/24)
Scrolls
 b - 5 scrolls of teleportation
 f - 6 scrolls of enchant armour
 g - 16 scrolls of identify
 r - 5 scrolls of fog
 y - 2 scrolls of enchant weapon
 A - 2 scrolls of remove curse
 F - a scroll of amnesia
 I - 6 scrolls of recharging
 K - 2 scrolls of magic mapping
Potions
 e - 5 potions of agility
 i - 2 potions of magic {unknown}
 l - 8 potions of curing
 o - 3 potions of resistance
 s - a potion of ambrosia {unknown}
 u - 2 potions of cancellation {unknown}
 C - 3 potions of brilliance {unknown}
 N - a potion of might {unknown}
 O - 2 potions of flight {unknown}
Books
 h - a book of Callings

   Spells                             Type                      Level
   a - Summon Small Mammal            Summoning                    1
   b - Call Imp                       Summoning                    2
   c - Call Canine Familiar           Summoning                    3
   d - Summon Guardian Golem          Hexes/Summoning              3
   e - Summon Lightning Spire         Summoning/Air                4
   f - Summon Ice Beast               Ice/Summoning                4
 j - a book of Conjurations

   Spells                             Type                      Level
   a - Magic Dart                     Conjuration                  1
   b - Searing Ray                    Conjuration                  2
   c - Dazzling Spray                 Conjuration/Hexes            3
   d - Fulminant Prism                Conjuration/Hexes            4
   e - Force Lance                    Conjuration/Translocation    4
   f - Iskenderun's Mystic Blast      Conjuration                  4
 n - a book of Changes

   Spells                             Type                      Level
   a - Beastly Appendage              Transmutation                1
   b - Sticks to Snakes               Transmutation                2
   c - Spider Form                    Transmutation/Poison         3
   d - Ice Form                       Ice/Transmutation            4
   e - Blade Hands                    Transmutation                5
 x - a book of Misfortune

   Spells                             Type                      Level
   a - Confusing Touch                Hexes                        1
   b - Confuse                        Hexes                        3
   c - Gell's Gravitas                Translocation                3
   d - Petrify                        Transmutation/Earth          4
   e - Metabolic Englaciation         Hexes/Ice                    5
   f - Yara's Violent Unravelling     Hexes/Transmutation          5
 z - a book of the Tempests

   Spells                             Type                      Level
   a - Static Discharge               Conjuration/Air              3
   b - Lightning Bolt                 Conjuration/Air              5
   c - Ignition                       Fire                         8
   d - Tornado                        Air                          9
   e - Shatter                        Earth                        9
 J - a book of Maledictions

   Spells                             Type                      Level
   a - Corona                         Hexes                        1
   b - Ensorcelled Hibernation        Hexes/Ice                    2
   c - Confuse                        Hexes                        3
   d - Tukima's Dance                 Hexes                        3
   e - Dazzling Spray                 Conjuration/Hexes            3
Comestibles
 d - 13 bread rations
 m - 37 fruits
 v - 16 meat rations
 B - 11 royal jellies


   Skills:
 + Level 13.2(12.5) Fighting
 + Level 10.6(10.0) Short Blades
 + Level 10.6(10.0) Long Blades
 + Level 10.6(10.0) Axes
 + Level 10.6(14.2) Maces & Flails
 + Level 11.0(10.3) Polearms
 + Level 10.6(10.0) Staves
 + Level 10.6(10.0) Slings
 + Level 10.6(10.0) Bows
 + Level 10.6(10.0) Crossbows
 + Level 10.6(10.0) Throwing
 + Level 12.2(16.9) Armour
 + Level 10.6(10.0) Dodging
 + Level 10.6(10.0) Stealth
   Level 0.0 Stabbing
 + Level 11.0(13.0) Shields
   Level 0.0 Traps
 + Level 10.6(10.0) Unarmed Combat
 + Level 10.6(10.0) Spellcasting
 + Level 10.6(12.7) Conjurations
 + Level 10.6(12.7) Hexes
 + Level 10.6(12.7) Charms
 + Level 10.6(12.7) Summonings
 + Level 10.6(12.7) Necromancy
 + Level 10.6(12.7) Translocations
 + Level 10.6(12.7) Transmutations
 + Level 10.6(12.7) Fire Magic
 + Level 10.6(12.7) Ice Magic
 + Level 10.6(12.7) Air Magic
 + Level 10.6(12.7) Earth Magic
 + Level 10.6(12.7) Poison Magic
 + Level 10.6(10.0) Invocations
 + Level 11.0(13.0) Evocations


You had 31 spell levels left.
You knew the following spells:

 Your Spells              Type           Power        Failure   Level  Hunger
a - Searing Ray           Conj           #####.       26%         2    None
b - Tukima's Dance        Hex            #####...     45%         3    None


Dungeon Overview and Level Annotations

Branches:
Dungeon (11/15)            Temple (1/1) D:5            Lair (6/6) D:9
  Swamp (0/4) Lair:4       Spider (3/4) Lair:3        Slime (0/5) Lair:5
    Orc (2/2) D:10            Elf (0/3) Orc:2

Altars:
Ashenzari
Cheibriados
Dithmenos
Elyvilon
Fedhas
Gozag
Hepliaklqana
Makhleb
Nemelex Xobeh
Okawaru
Qazlal
Ru
Sif Muna
Trog
Uskayaw
Vehumet
Wu Jian
Xom
Yredelemnul
Zin
The Shining One
Beogh

Shops:
D:5 :%!!   D:8 [   Orc:2 ?}*(

Annotations:
D:2 1 runed door
Lair:2 exclusion: downstairs
Spider:3 Aizul, Arachne, Asterion
Orc:2 Saint Roka


Innate Abilities, Weirdness & Mutations

Your experience applies equally to all skills.
You have very sharp teeth.
Your uncanny sense of smell can sniff out nearby items.
You are partially covered in molten scales. (AC +2)
You are partially covered in rugged brown scales. (AC +1, +3% HP)
You are resistant to hostile enchantments. (MR+)


Message History

You resist with almost no effort.
Your surroundings suddenly seem different.
Arachne the Weaver comes into view.
She is wielding a staff of poison.
Arachne shouts!
A jumping spider comes into view.
The jumping spider hisses angrily.
An orb spider comes into view.
The orb spider hisses angrily.
An orb spider comes into view.
The orb spider hisses angrily.
A wolf spider comes into view.
The wolf spider hisses angrily.
A wolf spider comes into view.
The wolf spider hisses angrily.
You hear a shout!
The jumping spider leaps! x2
Found 18 gold pieces and a potion of heal wounds. 3 redbacks and Aizul come into view.
As you read the scroll of fog, it crumbles to dust.
The scroll dissolves into smoke.
The redback bites you.
You die...

* ,*,, ,* ** , , * ,
,,.###.^........***
,.#..#...#...... * * ,,
..s#^..........,, * *,,
............. ., , *,,,.
.....^......., , ##
,,,...#....§.#...., , .##
* ...§..§§§...... , ..###
**,#...^§s@§§..#,* ?...#
**#..#..ss§s..... , *
#...### #....§§..s.....
,,*
......##*^..........s... ,
.......#*#..........$##.,,
* ..H....# #....#.#ss....
, * =^1...##
##.####,...!... , *
...#### ## **.S..#.. ,
...# **,, ,, ,*


You could see Aizul, 2 wolf spiders, 2 orb spiders, 2 jumping spiders and 3
redbacks.

Vanquished Creatures
  Gastronok (Lair:1)
  The ghost of dricus the Warrior, a journeyman DsAK of Lugonu (Spider:1)
  2 emperor scorpions (Spider:2)
  An entropy weaver (Spider:2)
  4 ogre magi
  Erolcha (D:9)
  6 hydras
  A catoblepas (Lair:6)
  18 two-headed ogres
  A hell hog (Volcano)
  A deep troll shaman (Lair:6)
  Urug (Lair:4)
  11 death yaks
  2 orc high priests
  The ghost of nubinia the Thaumaturge, a journeyman DESu of Sif Muna (Volcano)
  An unseen horror (D:10)
  2 orc knights (Orc:1)
  2 lindwurms
  14 wolf spiders
  10 orb spiders
  A cyclops (D:11)
  2 orc sorcerers
  A manticore (D:11)
  A salamander (Volcano)
  A toenail golem (Volcano)
  18 elephants
  A centaur zombie (D:11)
  Psyche (D:11)
  7 black mambas
  A torpor snail (Lair:6)
  11 spiny frogs
  3 rime drakes
  6 demonic crawlers
  5 komodo dragons
  A tengu conjurer (D:10)
  15 jumping spiders
  4 trolls
  A polar bear (Lair:6)
  4 hornets
  6 dream sheep (Lair:6)
  Prince Ribbit (D:7)
  9 hippogriffs
  3 blink frogs (Lair:1)
  12 tarantellas
  35 redbacks
  54 yaks
  A fire bat (Volcano)
  2 wyverns (Lair:6)
  2 wraiths (D:11)
  A basilisk (Lair:6)
  3 insubstantial wisps (Lair:4)
  9 water moccasins
  A warg (Orc:1)
  A hell hound (Volcano)
  6 porcupines
  5 ice beasts
  2 phantoms
  29 orc warriors
  2 sky beasts
  2 black bears (Lair:6)
  28 ogres
  A necrophage (D:9)
  45 wolves
  5 centaurs
  10 crocodiles
  A big kobold (D:10)
  A wyvern zombie (D:11)
  15 bullfrogs
  A gnoll sergeant (D:6)
  A scorpion (D:4)
  4 killer bees (D:8)
  A vampire bat (D:3)
  8 wights
  5 electric eels
  4 crimson imps
  3 howler monkeys (D:11)
  2 bullfrog zombies
  A quasit (D:8)
  4 hounds
  15 orc priests
  22 orc wizards
  A gnoll shaman (D:9)
  2 bullfrog skeletons
  6 jellies
  2 iguanas
  4 worker ants
  A hound skeleton (D:7)
  A howler monkey zombie (D:7)
  2 worker ant zombies
  13 gnolls
  17 adders
  A river rat (D:4)
  3 shadow imps (D:5)
  3 oozes
  An adder skeleton (D:7)
  4 worms
  A dart slug (D:1)
  9 leopard geckos
  70 orcs
  15 bats
  9 giant cockroaches
  8 goblins
  7 hobgoblins
  12 jackals
  5 quokkas
  4 ball pythons
  11 frilled lizards
  A jackal zombie (D:2)
  2 kobolds
  A leopard gecko zombie (D:8)
  10 rats
754 creatures vanquished.

Vanquished Creatures (collateral kills)
  2 orcs (Orc:2)
2 creatures vanquished.

Vanquished Creatures (others)
  5 dancing weapons (Orc:2)
  A centaur (Volcano)
  A bullfrog (Lair:5)
  14 fungi
  18 plants
39 creatures vanquished.

Grand Total: 795 creatures vanquished

Notes
Turn   | Place    | Note
-------+----------+-------------------------------------------
     0 | D:1      | Kriby the Gnoll Wanderer began the quest for the Orb.
     0 | D:1      | Kriby set off with: a +2 spear, 2 scrolls of teleportation, a +0 robe, a bread ration
     0 | D:1      | Reached XP level 1. HP: 26/26 MP: 2/2
   105 | D:1      | Reached XP level 2. HP: 33/33 MP: 3/3
  1034 | D:2      | Reached XP level 3. HP: 29/38 MP: 4/4
  1158 | D:2      | Found a runed door.
  1158 | D:2      | Noticed a human
  1164 | D:2      | Found a basalt altar of Yredelemnul.
  1563 | D:2      | Reached skill level 1 in Short Blades
  1563 | D:2      | Reached skill level 1 in Long Blades
  1563 | D:2      | Reached skill level 1 in Axes
  1563 | D:2      | Reached skill level 1 in Maces & Flails
  1563 | D:2      | Reached skill level 1 in Staves
  1563 | D:2      | Reached skill level 1 in Slings
  1563 | D:2      | Reached skill level 1 in Bows
  1563 | D:2      | Reached skill level 1 in Crossbows
  1563 | D:2      | Reached skill level 1 in Throwing
  1563 | D:2      | Reached skill level 1 in Dodging
  1563 | D:2      | Reached skill level 1 in Stealth
  1563 | D:2      | Reached skill level 1 in Unarmed Combat
  1563 | D:2      | Reached skill level 1 in Spellcasting
  1563 | D:2      | Reached skill level 1 in Conjurations
  1563 | D:2      | Reached skill level 1 in Hexes
  1563 | D:2      | Reached skill level 1 in Charms
  1563 | D:2      | Reached skill level 1 in Summonings
  1563 | D:2      | Reached skill level 1 in Necromancy
  1563 | D:2      | Reached skill level 1 in Translocations
  1563 | D:2      | Reached skill level 1 in Transmutations
  1563 | D:2      | Reached skill level 1 in Fire Magic
  1563 | D:2      | Reached skill level 1 in Ice Magic
  1563 | D:2      | Reached skill level 1 in Air Magic
  1563 | D:2      | Reached skill level 1 in Earth Magic
  1563 | D:2      | Reached skill level 1 in Poison Magic
  1563 | D:2      | Reached skill level 1 in Invocations
  1568 | D:2      | Reached XP level 4. HP: 40/45 MP: 4/6
  2048 | D:2      | Noticed an ice beast
  2688 | D:2      | Reached XP level 5. HP: 26/51 MP: 7/7
  3085 | D:3      | Learned a level 2 spell: Searing Ray
  3373 | D:3      | Reached XP level 6. HP: 32/57 MP: 5/8
  4317 | D:4      | Found a glowing drain.
  4333 | Sewer    | Entered a sewer
  4601 | Sewer    | Reached XP level 7. HP: 60/63 MP: 10/10
  4617 | Sewer    | Got a scorched whip
  4618 | Sewer    | Identified the +11 whip "Olus" {freeze, MR- Dex+3 Stlth+} (You found it in a sewer)
  5203 | D:5      | Entered Level 5 of the Dungeon
  5209 | D:5      | Found Hamamoj's Book Emporium.
  5357 | D:5      | Found Fiuwnapp's Food Shoppe.
  5365 | D:5      | Found Xomush's Distillery.
  5375 | D:5      | Bought a potion of curing for 36 gold pieces
  5375 | D:5      | Bought a potion of invisibility for 96 gold pieces
  5375 | D:5      | Bought a potion of heal wounds for 60 gold pieces
  5375 | D:5      | Bought a potion of degeneration for 12 gold pieces
  5449 | D:5      | Reached skill level 9 in Fighting
  5478 | D:5      | Reached XP level 8. HP: 62/71 MP: 4/12
  5666 | D:5      | Found a staircase to the Ecumenical Temple.
  5795 | Temple   | Entered the Ecumenical Temple
  5873 | Temple   | Became a worshipper of Ashenzari the Shackled
  5977 | D:5      | Found Suyxzist's Distillery.
  7025 | D:6      | Reached * piety under Ashenzari
  7250 | D:7      | Reached XP level 9. HP: 59/76 MP: 14/14
  7963 | D:7      | Noticed Prince Ribbit
  7972 | D:7      | Killed Prince Ribbit
  7972 | D:7      | Reached skill level 5 in Polearms
  7972 | D:7      | Reached skill level 5 in Shields
  7972 | D:7      | Reached skill level 5 in Evocations
  8219 | D:7      | Reached ** piety under Ashenzari
  8401 | D:8      | Noticed a hornet
  8411 | D:8      | Killed a hornet
  8639 | D:8      | Found an ornate altar of the Wu Jian Council.
  9204 | D:8      | Found Muluint's Armour Shop.
  9208 | D:8      | Bought the +2 cloak "Towkemum" {rPois} for 257 gold pieces
  9228 | D:8      | Reached XP level 10. HP: 82/84 MP: 17/17
  9685 | D:8      | Reached *** piety under Ashenzari
  9931 | D:9      | Reached skill level 5 in Short Blades
  9931 | D:9      | Reached skill level 5 in Long Blades
  9931 | D:9      | Reached skill level 5 in Axes
  9931 | D:9      | Reached skill level 5 in Maces & Flails
  9931 | D:9      | Reached skill level 5 in Staves
  9931 | D:9      | Reached skill level 5 in Slings
  9931 | D:9      | Reached skill level 5 in Bows
  9931 | D:9      | Reached skill level 5 in Crossbows
  9931 | D:9      | Reached skill level 5 in Throwing
  9931 | D:9      | Reached skill level 5 in Dodging
  9931 | D:9      | Reached skill level 5 in Stealth
  9931 | D:9      | Reached skill level 5 in Unarmed Combat
  9931 | D:9      | Reached skill level 5 in Spellcasting
  9931 | D:9      | Reached skill level 5 in Conjurations
  9931 | D:9      | Reached skill level 5 in Hexes
  9931 | D:9      | Reached skill level 5 in Charms
  9931 | D:9      | Reached skill level 5 in Summonings
  9931 | D:9      | Reached skill level 5 in Necromancy
  9931 | D:9      | Reached skill level 5 in Translocations
  9931 | D:9      | Reached skill level 5 in Transmutations
  9931 | D:9      | Reached skill level 5 in Fire Magic
  9931 | D:9      | Reached skill level 5 in Ice Magic
  9931 | D:9      | Reached skill level 5 in Air Magic
  9931 | D:9      | Reached skill level 5 in Earth Magic
  9931 | D:9      | Reached skill level 5 in Poison Magic
  9931 | D:9      | Reached skill level 5 in Invocations
 10119 | D:9      | Noticed Erolcha
 10130 | D:9      | Killed Erolcha
 10130 | D:9      | Reached skill level 10 in Fighting
 10143 | D:9      | Identified the amulet "Xoanathr Umor" {rF+ rC+ Regen+ Dex-4}
 10219 | D:9      | Found a staircase to the Lair.
 10880 | D:10     | Entered Level 10 of the Dungeon
 10910 | D:10     | Noticed an unseen horror
 10943 | Lair:1   | Entered Level 1 of the Lair of Beasts
 10986 | Lair:1   | Reached **** piety under Ashenzari
 11096 | D:8      | Bought a cursed +0 chain mail for 35 gold pieces
 11096 | D:8      | Bought a +0 pair of boots of stealth for 115 gold pieces
 11207 | Lair:1   | Noticed a seven-headed hydra
 11218 | Lair:1   | Killed a seven-headed hydra
 11218 | Lair:1   | Reached XP level 11. HP: 66/91 MP: 19/19
 11454 | Lair:1   | Noticed Gastronok
 11483 | Lair:1   | Killed Gastronok
 12153 | Lair:2   | Found a dark tunnel.
 12153 | Lair:2   | Noticed a lindwurm
 12162 | Volcano  | Entered a volcano
 12208 | Volcano  | Noticed nubinia's ghost (journeyman DESu)
 12212 | Volcano  | Noticed a hell hog
 12224 | Volcano  | Killed a hell hog
 12237 | Volcano  | Killed nubinia's ghost
 12250 | Volcano  | Noticed a salamander
 12268 | Volcano  | Killed a salamander
 12271 | Volcano  | Noticed a two-headed ogre
 12277 | Volcano  | Noticed a two-headed ogre
 12296 | Volcano  | Killed a two-headed ogre
 12296 | Volcano  | Reached XP level 12. HP: 57/99 MP: 20/22
 12303 | Volcano  | Killed a two-headed ogre
 13274 | Lair:3   | Reached skill level 11 in Fighting
 13715 | Lair:3   | Found a hole to the Spider Nest.
 13837 | Lair:3   | Reached skill level 10 in Armour
 14009 | Lair:3   | Identified the cursed +1 whip of Trial by Ordeal {drain, rF+}
 14261 | Lair:4   | Noticed a four-headed hydra
 14284 | Lair:4   | Killed a four-headed hydra
 14416 | Lair:4   | Reached XP level 13. HP: 99/106 MP: 24/24
 14581 | Lair:4   | Reached ***** piety under Ashenzari
 15274 | Lair:4   | Found a staircase to the Swamp.
 15659 | Lair:4   | Noticed Urug
 15674 | Lair:4   | Killed Urug
 16245 | Lair:5   | Found a staircase to the Slime Pits.
 16628 | Lair:6   | Entered Level 6 of the Lair of Beasts
 16837 | Lair:6   | Reached XP level 14. HP: 56/114 MP: 26/26
 17278 | Lair:6   | Reached skill level 12 in Fighting
 19004 | D:10     | Found a staircase to the Orcish Mines.
 19411 | D:10     | Found a roughly hewn altar of Beogh.
 20009 | Orc:1    | Entered Level 1 of the Orcish Mines
 20443 | Orc:1    | Paralysed by an orc sorcerer for 7 turns
 20487 | Orc:1    | Reached XP level 15. HP: 92/122 MP: 28/28
 20618 | Orc:2    | Entered Level 2 of the Orcish Mines
 20618 | Orc:2    | Noticed Saint Roka
 21180 | Orc:1    | Reached skill level 10 in Polearms
 21180 | Orc:1    | Reached skill level 10 in Shields
 21180 | Orc:1    | Reached skill level 10 in Evocations
 22008 | Orc:2    | Found Taogh's Magic Scroll Shoppe.
 22008 | Orc:2    | Found Hejitem's Gadget Boutique.
 22009 | Orc:2    | Found Derhaatu's General Store.
 22009 | Orc:2    | Found Iqodic's Antique Weapon Emporium.
 22069 | Orc:2    | Found a staircase to the Elven Halls.
 22093 | Orc:2    | Bought a scroll of remove curse for 42 gold pieces
 22093 | Orc:2    | Bought a scroll of teleportation for 42 gold pieces
 22093 | Orc:2    | Bought a scroll of teleportation for 42 gold pieces
 22093 | Orc:2    | Bought a scroll of remove curse for 42 gold pieces
 22093 | Orc:2    | Bought 3 scrolls of remove curse for 126 gold pieces
 22132 | Orc:2    | Reached skill level 10 in Short Blades
 22132 | Orc:2    | Reached skill level 10 in Long Blades
 22132 | Orc:2    | Reached skill level 10 in Axes
 22132 | Orc:2    | Reached skill level 10 in Maces & Flails
 22132 | Orc:2    | Reached skill level 10 in Staves
 22132 | Orc:2    | Reached skill level 10 in Slings
 22132 | Orc:2    | Reached skill level 10 in Bows
 22132 | Orc:2    | Reached skill level 10 in Crossbows
 22132 | Orc:2    | Reached skill level 10 in Throwing
 22132 | Orc:2    | Reached skill level 10 in Dodging
 22132 | Orc:2    | Reached skill level 10 in Stealth
 22132 | Orc:2    | Reached skill level 10 in Unarmed Combat
 22132 | Orc:2    | Reached skill level 10 in Spellcasting
 22132 | Orc:2    | Reached skill level 10 in Conjurations
 22132 | Orc:2    | Reached skill level 10 in Hexes
 22132 | Orc:2    | Reached skill level 10 in Charms
 22132 | Orc:2    | Reached skill level 10 in Summonings
 22132 | Orc:2    | Reached skill level 10 in Necromancy
 22132 | Orc:2    | Reached skill level 10 in Translocations
 22132 | Orc:2    | Reached skill level 10 in Transmutations
 22132 | Orc:2    | Reached skill level 10 in Fire Magic
 22132 | Orc:2    | Reached skill level 10 in Ice Magic
 22132 | Orc:2    | Reached skill level 10 in Air Magic
 22132 | Orc:2    | Reached skill level 10 in Earth Magic
 22132 | Orc:2    | Reached skill level 10 in Poison Magic
 22132 | Orc:2    | Reached skill level 10 in Invocations
 22308 | Orc:2    | Found a bloodstained altar of Trog.
 22625 | Orc:2    | Learned a level 3 spell: Tukima's Dance
 23276 | D:11     | Noticed Psyche
 23285 | D:11     | Killed Psyche
 23793 | D:11     | Reached ****** piety under Ashenzari
 24171 | D:8      | Bought the +9 crystal plate armour of the Vaults {+Fly rCorr Int-2} for 1235 gold pieces
 24419 | Spider:1 | Entered Level 1 of the Spider Nest
 24617 | Spider:1 | Noticed dricus's ghost (journeyman DsAK)
 24724 | Spider:1 | Gained mutation: You are robust. (+10% HP) [potion of mutation]
 24724 | Spider:1 | Gained mutation: You are occasionally teleported next to monsters. [potion of mutation]
 24724 | Spider:1 | Gained mutation: You have large cloven feet. [potion of mutation]
 24728 | Spider:1 | Lost mutation: You are robust. (+10% HP) [potion of mutation]
 24728 | Spider:1 | Lost mutation: You have large cloven feet. [potion of mutation]
 24728 | Spider:1 | Gained mutation: You are weak. (Str -2) [potion of mutation]
 24728 | Spider:1 | Gained mutation: You are agile. (Dex +2) [potion of mutation]
 24728 | Spider:1 | Gained mutation: You are very agile. (Dex +4) [potion of mutation]
 24728 | Spider:1 | Gained mutation: Your spells are a little harder to cast, but a little more powerful. [potion of mutation]
 24729 | Spider:1 | Lost mutation: Your spells are a little harder to cast, but a little more powerful. [potion of mutation]
 24729 | Spider:1 | Lost mutation: You are very agile. (Dex +4) [potion of mutation]
 24729 | Spider:1 | Gained mutation: You are partially covered in rugged brown scales. (AC +1, +3% HP) [potion of mutation]
 24729 | Spider:1 | Gained mutation: You are resistant to hostile enchantments. (MR+) [potion of mutation]
 24729 | Spider:1 | Lost mutation: You are weak. (Str -2) [potion of mutation]
 24730 | Spider:1 | Lost mutation: You are agile. (Dex +2) [potion of mutation]
 24730 | Spider:1 | Lost mutation: You are occasionally teleported next to monsters. [potion of mutation]
 24730 | Spider:1 | Lost mutation: You are resistant to hostile enchantments. (MR+) [potion of mutation]
 24730 | Spider:1 | Gained mutation: You are partially covered in molten scales. (AC +2) [potion of mutation]
 24730 | Spider:1 | Gained mutation: You are resistant to hostile enchantments. (MR+) [potion of mutation]
 24764 | Spider:1 | Killed dricus's ghost
 25312 | Spider:1 | Reached XP level 16. HP: 94/132 MP: 30/30
 25578 | Spider:1 | Reached skill level 13 in Fighting
 27344 | Spider:3 | Noticed Asterion
 27371 | Spider:3 | Noticed an Executioner
 27380 | Spider:3 | HP: 2/134 [Asterion/iron shot (11)]
 27382 | Spider:3 | Noticed Arachne
 27383 | Spider:3 | Noticed Aizul
 27383 | Spider:3 | Slain by a redback

Vault maps used:
D:1:      dpeg_arrival_rooms_a, minmay_octomino_j4
D:2:      first_bread, amethyst_killhole, dk_yredelemnul_ordeal
D:3:      supply_closet_lemuel, roderic_batcave
D:4:      portal_sewer_entry_b
D:5:      minmay_temple_entry_fiery, serial_shops, shop, shop_fountains,
          nicolae_shop_competitors_out_of_business, shop
D:7:      uniq_prince_ribbit1
D:8:      kennysheep_mini, serial_shops, shop
D:9:      lair_entry_dummy, uniq_erolcha
D:10:     minmay_orc_entry_temple_small, grunt_tengu_nest
D:11:     kennysheep_cross_room, uniq_psyche
Temple:   compressed_dpeg_triangle_lava_temple
Lair:1:   uniq_gastronok
Lair:2:   nicolae_volcano_entry_vermiform, grunt_megastairs_4
Lair:3:   spider_nest_entry_a, grunt_forest_large_clearings,
          infiniplex_staircase_pool
Lair:4:   minmay_swamp_entry_wisps, uniq_urug
Lair:5:   nicolae_slime_entry_slimehenge
Lair:6:   grunt_lair_end_beastmaster, patterned_corridor
Spider:1: spider_trap
Spider:3: uniq_aizul, uniq_arachne, uniq_asterion
Orc:2:    st_orc_ogre_mass, basic_altar, nicolae_orc_pool_cavern,
          uniq_saint_roka
Sewer:    sewer_frog_island_01
Volcano:  volcano_village

Skill      XL: |  1  2  3  4  5  6  7  8  9 10 11 12 13 14 15 16 |
---------------+-------------------------------------------------+-----
Short Blades   | 1 2 3 4 5 6 7 8 9 10 | 10.6
Long Blades    | 1 2 3 4 5 6 7 8 9 10 | 10.6
Axes           | 1 2 3 4 5 6 7 8 9 10 | 10.6
Maces & Flails | 1 2 3 4 5 6 7 8 9 10 | 10.6
Staves         | 1 2 3 4 5 6 7 8 9 10 | 10.6
Slings         | 1 2 3 4 5 6 7 8 9 10 | 10.6
Bows           | 1 2 3 4 5 6 7 8 9 10 | 10.6
Crossbows      | 1 2 3 4 5 6 7 8 9 10 | 10.6
Throwing       | 1 2 3 4 5 6 7 8 9 10 | 10.6
Dodging        | 1 2 3 4 5 6 7 8 9 10 | 10.6
Stealth        | 1 2 3 4 5 6 7 8 9 10 | 10.6
Unarmed Combat | 1 2 3 4 5 6 7 8 9 10 | 10.6
Spellcasting   | 1 2 3 4 5 6 7 8 9 10 | 10.6
Conjurations   | 1 2 3 4 5 6 7 8 9 10 | 10.6
Hexes          | 1 2 3 4 5 6 7 8 9 10 | 10.6
Charms         | 1 2 3 4 5 6 7 8 9 10 | 10.6
Summonings     | 1 2 3 4 5 6 7 8 9 10 | 10.6
Necromancy     | 1 2 3 4 5 6 7 8 9 10 | 10.6
Translocations | 1 2 3 4 5 6 7 8 9 10 | 10.6
Transmutations | 1 2 3 4 5 6 7 8 9 10 | 10.6
Fire Magic     | 1 2 3 4 5 6 7 8 9 10 | 10.6
Ice Magic      | 1 2 3 4 5 6 7 8 9 10 | 10.6
Air Magic      | 1 2 3 4 5 6 7 8 9 10 | 10.6
Earth Magic    | 1 2 3 4 5 6 7 8 9 10 | 10.6
Poison Magic   | 1 2 3 4 5 6 7 8 9 10 | 10.6
Invocations    | 1 2 3 4 5 6 7 8 9 10 | 10.6
Polearms       | 3 4 5 6 7 8 9 10 11 | 11.0
Shields        | 3 4 5 6 7 8 9 10 11 | 11.0
Evocations     | 3 4 5 6 7 8 9 10 11 | 11.0
Armour         | 7 8 9 10 11 12 | 12.2
Fighting       | 9 10 11 12 13 | 13.2

Action                   |  1- 3 |  4- 6 |  7- 9 | 10-12 | 13-15 | 16-18 || total
-------------------------+-------+-------+-------+-------+-------+-------++-------
Melee: Spear             |    90 |   198 |       |       |       |       ||   288
       Bite              |     7 |    16 |    32 |    80 |   286 |    56 ||   477
       Hand axe          |       |    80 |       |       |       |       ||    80
       Whip              |       |       |   266 |   647 |  2091 |   432 ||  3436
Throw: Javelin           |       |       |       |       |    53 |       ||    53
 Cast: Searing Ray       |       |     1 |     2 |       |       |       ||     3
       Tukima's Dance    |       |       |       |       |     9 |       ||     9
Invok: Curse Item        |       |       |     2 |     1 |     6 |       ||     9
Evoke: Wand              |       |       |       |     3 |     8 |     3 ||    14
  Use: Scroll            |       |     8 |     3 |     5 |     7 |     6 ||    29
       Potion            |       |       |     1 |     8 |    12 |     1 ||    22
 Stab: Sleeping          |     3 |     7 |     8 |     9 |    12 |       ||    39
       Distracted        |       |     1 |     1 |     1 |     5 |       ||     8
       Invisible         |       |       |       |    11 |     8 |       ||    19
       Petrified         |       |       |       |       |     9 |       ||     9
  Eat: Chunk             |     2 |    10 |    13 |    15 |    37 |     1 ||    78
       Bread ration      |       |       |     1 |       |       |     2 ||     3
Armor: Robe              |    11 |     4 |       |       |       |       ||    15
       Ring mail         |       |    74 |    26 |       |       |       ||   100
       Scale mail        |       |       |    74 |    45 |       |       ||   119
       Chain mail        |       |       |       |   140 |   384 |       ||   524
       Crystal plate arm |       |       |       |       |   131 |   371 ||   502
Dodge: Dodged            |    30 |   161 |    89 |   119 |   318 |    97 ||   814
Block: Buckler           |     8 |    73 |     9 |       |       |       ||    90
       Large shield      |       |       |   140 |   436 |  1250 |   461 ||  2287

Table legend:
 A = Spawn XP
 B = Non-spawn XP
 C = Spawn XP percentage of total XP
 D = Spawn monster count
 E = Non-spawn monster count
 F = Spawn count percentage of total count
 G = Total turns spent on level
                    A         B        C        D         E        F      G
               +---------+---------+-------+---------+---------+-------+---------
         Total |       0 |  154018 |   0.0 |       0 |     756 |   0.0 | 27383
               +---------+---------+-------+---------+---------+-------+---------
           D:1 |       0 |     160 |   0.0 |       0 |      16 |   0.0 |  1197
           D:2 |       0 |     136 |   0.0 |       0 |      32 |   0.0 |  1858
           D:3 |       0 |     277 |   0.0 |       0 |      34 |   0.0 |  1289
           D:4 |       0 |     267 |   0.0 |       0 |      17 |   0.0 |   702
           D:5 |       0 |     467 |   0.0 |       0 |      18 |   0.0 |  1047
           D:6 |       0 |     926 |   0.0 |       0 |      21 |   0.0 |  1069
           D:7 |       0 |    1095 |   0.0 |       0 |      15 |   0.0 |  1132
           D:8 |       0 |    2008 |   0.0 |       0 |      27 |   0.0 |  1884
           D:9 |       0 |    2294 |   0.0 |       0 |      28 |   0.0 |  1230
          D:10 |       0 |    4128 |   0.0 |       0 |      38 |   0.0 |  1018
          D:11 |       0 |    4113 |   0.0 |       0 |      27 |   0.0 |   819
        Lair:1 |       0 |    5783 |   0.0 |       0 |      12 |   0.0 |   962
        Lair:2 |       0 |    4517 |   0.0 |       0 |      19 |   0.0 |  1023
        Lair:3 |       0 |    6178 |   0.0 |       0 |      38 |   0.0 |  1133
        Lair:4 |       0 |   14743 |   0.0 |       0 |      44 |   0.0 |  1552
        Lair:5 |       0 |    6748 |   0.0 |       0 |      29 |   0.0 |   899
        Lair:6 |       0 |   28193 |   0.0 |       0 |      78 |   0.0 |  2107
      Spider:1 |       0 |   18065 |   0.0 |       0 |      48 |   0.0 |  1707
      Spider:2 |       0 |   17711 |   0.0 |       0 |      46 |   0.0 |  1047
      Spider:3 |       0 |    1666 |   0.0 |       0 |       5 |   0.0 |    90
         Orc:1 |       0 |   13004 |   0.0 |       0 |      50 |   0.0 |  1691
         Orc:2 |       0 |   16459 |   0.0 |       0 |      85 |   0.0 |  1326
         Sewer |       0 |     219 |   0.0 |       0 |      20 |   0.0 |   297
       Volcano |       0 |    4861 |   0.0 |       0 |       9 |   0.0 |   218
               +---------+---------+-------+---------+---------+-------+---------
